 Dungeon Crawl Stone Soup version 0.22-a0-166-g5351223 (webtiles) character file.

177 Amnesiac the Magician (level 5, -1/35 HPs)
             Began as a Mummy Earth Elementalist on Feb 13, 2018.
             Slain by an orc
             ... wielding a +0 dagger
              (3 damage)
             ... on level 4 of the Dungeon.
             The game lasted 00:02:33 (775 turns).

Amnesiac the Magician (Mummy Earth Elementalist)     Turns: 775, Time: 00:02:34

Health: -1/35      AC:  2    Str: 11    XL:     5   Next: 30%
Magic:  2/11       EV: 12    Int: 16    God:
Gold:   0          SH:  0    Dex: 12    Spells: 9/12 levels left

rFire    x . .     SeeInvis .   a - +1 dagger (venom)
rCold    + . .     Gourm    .   (no shield)
rNeg     + + +     Faith    .   c - +0 robe
rPois    ∞         Spirit   .   (no helmet)
rElec    .         Reflect  .   (no cloak)
rCorr    .         Harm     .   (no gloves)
MR       .....                  (no boots)
Stlth    ++........             (no amulet)
HPRegen  0.11/turn              (no ring)
MPRegen  0.12/turn              (no ring)

@: very slightly contaminated
A: no food or potions, fire vulnerability, cold resistance 1, negative energy
resistance 3, torment resistance, unbreathing
a: no special abilities


You were on level 4 of the Dungeon.
You were not hungry.

You visited 1 branch of the dungeon, and saw 4 of its levels.

Inventory:

Hand Weapons
 a - a +1 dagger of venom (weapon)
Missiles
 b - 16 stones (quivered)
Armour
 c - a +0 robe (worn)
Jewellery
 f - an uncursed ring of poison resistance {unknown}
Scrolls
 g - a scroll of random uselessness {!r, unknown}
Books
 d - a book of Geomancy

   Spells                             Type                      Level
   a - Sandblast                      Earth                        1
   b - Passwall                       Transmutation/Earth          2
   c - Stone Arrow                    Conjuration/Earth            3
   d - Petrify                        Transmutation/Earth          4
   e - Lee's Rapid Deconstruction     Earth                        5


   Skills:
 - Level 1.5 Dodging
 - Level 1.5 Stealth
 + Level 4.4 Spellcasting
 - Level 0.7 Transmutations
 * Level 4.3 Earth Magic


You had 9 spell levels left.
You knew the following spells:

 Your Spells              Type           Power        Failure   Level  Hunger
a - Sandblast             Erth           ###...       2%          1    N/A
b - Passwall              Tmut/Erth      ##........   9%          2    N/A

Dungeon Overview and Level Annotations

Branches:
Dungeon (4/15)
 Temple: D:4-7

Altars:


Innate Abilities, Weirdness & Mutations

You do not eat or drink.
Your flesh is vulnerable to fire.
You are immune to poison.
Your flesh is cold resistant. (rC+)
You are immune to negative energy. (rN+++)
You are immune to unholy pain and torment.
You can survive without breathing.


Message History

The adder barely misses you.
There is an open door here.
Items here: $ ( )) † a club; 11 gold pieces; a trident; 25 stones; an orc corpse
Casting: Sandblast (safe; 2% risk of failure)
Confirm with . or Enter, or press ? or * to list all spells.
Aiming: Sandblast (safe; 2% risk of failure)
Press: ? - help, Shift-Dir - straight line, f/p - adder
Aim: an adder (severely wounded)
The blast of sand misses the adder.
The blast of sand hits the orc.
The orc is moderately wounded.
b - 19 stones The adder barely misses you.
The adder bites you.
* * * LOW HITPOINT WARNING * * *
Casting: Sandblast (safe; 2% risk of failure)
Confirm with . or Enter, or press ? or * to list all spells.
Aiming: Sandblast (safe; 2% risk of failure)
Press: ? - help, Shift-Dir - straight line, f/p - adder
Aim: an adder (severely wounded)
The blast of sand hits the adder.
The adder is severely wounded.
b - 18 stones The adder bites you.
* * * LOW HITPOINT WARNING * * *
Casting: Sandblast (safe; 2% risk of failure)
Confirm with . or Enter, or press ? or * to list all spells.
Aiming: Sandblast (safe; 2% risk of failure)
Press: ? - help, Shift-Dir - straight line, f/p - adder
Aim: an adder (severely wounded)
The blast of sand hits the adder.
You kill the adder!
b - 17 stones Unknown command.
Press: ? - help, v - describe, . - travel
Here: an orc, wielding a dagger and wearing a leather armour (moderately wounded)
The floor.
You barely miss the orc.
The orc is moderately wounded.
The orc hits you with a dagger.
* * * LOW HITPOINT WARNING * * *
Unknown command.
Casting: Sandblast (safe; 2% risk of failure)
Confirm with . or Enter, or press ? or * to list all spells.
Aiming: Sandblast (safe; 2% risk of failure)
Press: ? - help, Shift-Dir - straight line, f - orc
Aim: an orc, wielding a dagger and wearing a leather armour (moderately wounded)
The blast of sand hits the orc.
The orc is moderately wounded.
b - 16 stones The orc hits you but does no damage.
Unknown command.
You barely miss the orc.
The orc is moderately wounded.
The orc hits you with a dagger.
* * * LOW HITPOINT WARNING * * *
Unknown command.
Unknown command.
Unknown command.
Unknown command.
Unknown command.
You barely miss the orc.
The orc is moderately wounded.
The orc hits you with a dagger.
You die...

#.. #........ #...
#†#### #...
#.#..#####
###...##........#
...#..#....#.###
#..#....)#.#.#
......#.##†#.####
.##.......##)#o...#
.....#.......@....#
#..#............#
##...<..........#
####..........##
##.........#
#.........#
#.........#
#.........#
#######...#


You could see an orc.

Vanquished Creatures
  A scorpion (D:4)
  An orc priest (D:4)
  An orc wizard (D:4)
  A hound skeleton (D:4)
  3 adders
  An ooze (D:3)
  2 leopard geckos (D:3)
  3 orcs
  3 goblins
  6 jackals (D:3)
  A frilled lizard (D:3)
23 creatures vanquished.

Notes
Turn   | Place    | Note
-------+----------+-------------------------------------------
     0 | D:1      | Amnesiac the Mummy Earth Elementalist began the quest for the Orb.
     0 | D:1      | Reached XP level 1. HP: 13/13 MP: 4/4
   146 | D:2      | Reached XP level 2. HP: 7/19 MP: 0/5
   180 | D:2      | Learned a level 2 spell: Passwall
   375 | D:3      | Reached XP level 3. HP: 18/24 MP: 1/7
   687 | D:4      | Reached XP level 4. HP: 20/30 MP: 4/9
   751 | D:4      | Reached XP level 5. HP: 23/35 MP: 9/11
   771 | D:4      | HP: 1/35 [orc/dagger (1)]
   775 | D:4      | Slain by an orc

Vault maps used:
D:1:      lightli_arrival_statue_moat, minmay_misc_feat_rows
D:2:      kennysheep_cross_room, uniq_crazy_yiuf_cottage, uniq_natasha
D:3:      minmay_goblin_kobold_castle
D:4:      cheibriados_altar_1, minivault_11, kennysheep_generic_room_6

Skill      XL: |  1  2  3  4 |
---------------+-------------+-----
Earth Magic    | 3 4 |  4.3
Spellcasting   | 3 4 |  4.4
Dodging        | |  1.5
Stealth        | |  1.5
Transmutations | |  0.7

Action                   |  1- 3 |  4- 6 || total
-------------------------+-------+-------++-------
Melee: Dagger            |    33 |     5 ||    38
 Cast: Sandblast         |    22 |    11 ||    33
       Passwall          |     1 |       ||     1
 Stab: Sleeping          |     2 |       ||     2
Armor: Robe              |     4 |     3 ||     7
Dodge: Dodged            |    37 |     5 ||    42

Table legend:
 A = Spawn XP
 B = Non-spawn XP
 C = Spawn XP percentage of total XP
 D = Spawn monster count
 E = Non-spawn monster count
 F = Spawn count percentage of total count
 G = Total turns spent on level
                    A         B        C        D         E        F      G
               +---------+---------+-------+---------+---------+-------+---------
         Total |       0 |     253 |   0.0 |       0 |      23 |   0.0 |   775
               +---------+---------+-------+---------+---------+-------+---------
           D:1 |       0 |       2 |   0.0 |       0 |       1 |   0.0 |   122
           D:2 |       0 |      15 |   0.0 |       0 |       2 |   0.0 |    75
           D:3 |       0 |      34 |   0.0 |       0 |      13 |   0.0 |   402
           D:4 |       0 |     202 |   0.0 |       0 |       7 |   0.0 |   176
               +---------+---------+-------+---------+---------+-------+---------
